 Dungeon Crawl Stone Soup version 0.20-b1-14-g8425815 (webtiles) character file.

47 turnburgler the Grave Robber (level 3, 0/25 HPs)
             Began as a Vampire Necromancer on May 23, 2017.
             Slain by a small abomination (10 damage)
             ... on level 1 of the Abyss.
             The game lasted 00:10:19 (1538 turns).

turnburgler the Grave Robber (Vampire Necromancer)  Turns: 1538, Time: 00:10:20

Health: 0/25       AC:  4    Str:  7    XL:     3   Next: 48%
Magic:  7/7        EV: 13    Int: 18    God:
Gold:   39         SH:  0    Dex: 14    Spells: 5/7 levels left

rFire    . . .     SeeInvis +   f - +0 mace
rCold    . . .     Gourm    .   (no shield)
rNeg     + . .     Faith    .   a - +0 robe
rPois    .         Spirit   .   t - +0 helmet
rElec    .         Reflect  .   n - +0 cloak
rCorr    .         Harm     .   (no gloves)
MR       .....                  (no boots)
Stlth    ++........             (no amulet)
Regen    0.1/turn               (no ring)
MPRegen  0.1/turn               (no ring)

@: no status effects
A: fangs 3, see invisible, unbreathing
a: Bat Form


You were on level 1 of the Abyss.
You were not thirsty.

You visited 1 branch of the dungeon, and saw 2 of its levels.
You visited the Abyss 1 time.

You collected 39 gold pieces.

Inventory:

Hand Weapons
 f - a +0 mace (weapon)
 o - a +0 hunting sling
Missiles
 d - 6 needles of sleeping
 e - 45 bolts
 p - 60 stones (quivered)
 q - 15 arrows
Armour
 a - a +0 robe (worn)
 n - a +0 cloak (worn)
 t - a +0 helmet (worn)
 u - a +0 ring mail
Scrolls
 h - 4 scrolls of remove curse
 j - 2 scrolls of identify
 l - 2 scrolls of immolation {unknown}
 m - a scroll of enchant armour {unknown}
 s - a scroll of blinking {unknown}
Potions
 c - 17 potions of blood
 g - a potion of might
 i - a potion of agility {unknown}
 k - a potion of curing {unknown}
 r - a potion of flight {unknown}
Books
 b - a book of Necromancy

   Spells                             Type                      Level
   a - Pain                           Necromancy                   1
   b - Animate Skeleton               Necromancy                   1
   c - Vampiric Draining              Necromancy                   3
   d - Regeneration                   Charms/Necromancy            3
   e - Animate Dead                   Necromancy                   4
   f - Control Undead                 Necromancy                   4


   Skills:
 + Level 0.8 Fighting
 * Level 2.9 Dodging
 + Level 3.4 Stealth
 * Level 2.6 Spellcasting
 + Level 4.5 Necromancy


You had 5 spell levels left.
You knew the following spells:

 Your Spells              Type           Power        Failure   Level  Hunger
a - Pain                  Necr           ###.         2%          1    #......
b - Animate Skeleton      Necr           N/A          2%          1    #......


Dungeon Overview and Level Annotations

Branches:
Dungeon (2/15)

Altars:

Annotations:
D:2 Crazy Yiuf


Innate Abilities, Weirdness & Mutations

You have razor-sharp teeth.
You have supernaturally acute eyesight. (SInv)
You can survive without breathing.


Message History

Firing (i - inventory):
p - 62 stones (quivered)
Press: ? - help, Shift-Dir - straight line, f/p - small abomination
Aim: a small abomination You shoot a stone.
The stone closely misses the small abomination.
Firing (i - inventory):
p - 61 stones (quivered)
Press: ? - help, Shift-Dir - straight line, f/p - small abomination
Aim: a small abomination You shoot a stone.
The stone hits the small abomination but does no damage.
The small abomination closely misses you.
Wield which item (- for none, * to show all)? (? for menu, Esc to quit)
f - a +0 mace (weapon)
You hit the small abomination.
The small abomination is lightly damaged.
The small abomination hits you!
You barely miss the small abomination.
The small abomination is lightly damaged.
The small abomination hits you!
You die...

##..##..## # .(##.# ##
........ ♣♣ . ...(.. ♣
♣ #####♣ . #.
##(..♣.♣♣♣♣#....#
[##..##..##♣.♣♣.'...#♣
........(..♣..♣#....
..........x♣.♣♣♣#### ♣
#####.##♣@♣♣ ...#♣♣♣♣
#.## .. .# # #


You could see a small abomination.

Vanquished Creatures
  An adder (D:2)
  2 dart slugs
  2 leopard geckos (D:2)
  4 bats
  2 giant cockroaches
  6 hobgoblins
  4 kobolds
  A ball python (D:1)
  A frilled lizard (D:1)
  6 rats
29 creatures vanquished.

Vanquished Creatures (collateral kills)
  A worm (D:2)
  2 goblins (D:1)
  A rat (D:2)
4 creatures vanquished.

Grand Total: 33 creatures vanquished

Notes
Turn   | Place    | Note
-------+----------+-------------------------------------------
     0 | D:1      | turnburgler the Vampire Necromancer began the quest for the Orb.
     0 | D:1      | Reached XP level 1. HP: 13/13 MP: 3/3
     2 | D:1      | Learned a level 1 spell: Animate Skeleton
    33 | D:1      | You fall through a shaft!
   320 | D:1      | Reached XP level 2. HP: 5/20 MP: 0/5
  1071 | D:2      | Reached XP level 3. HP: 20/25 MP: 1/6
  1411 | D:2      | Found a runed door.
  1415 | D:2      | Noticed Crazy Yiuf
  1425 | D:2      | Cast into level 1 of the Abyss (Crazy Yiuf)
  1529 | Abyss:1  | Noticed a small abomination
  1538 | Abyss:1  | Slain by a small abomination

Action                   || total
-------------------------++-------
Melee: Mace              ||     9
       Bite              ||     2
 Fire: Hunting sling     ||     7
 Cast: Pain              ||    55
       Animate Skeleton  ||     7
  Use: Scroll            ||     2
       Potion            ||     2
Armor: Robe              ||     3
Dodge: Dodged            ||    14
